 Dungeon Crawl Stone Soup version 0.32-a0-768-g0f6f1dd4b9 (webtiles) character file.

Game seed: 15122795654575970877

42 Alarak the Trooper (level 3, -2/34 HPs)
             Began as a Mountain Dwarf Fighter on Mar 18, 2024.
             Slain by Robin
             ... wielding a +0 club
              (4 damage)
             ... on level 2 of the Dungeon.
             The game lasted 00:01:32 (1148 turns).

Alarak the Trooper (Mountain Dwarf Fighter)         Turns: 1148, Time: 00:01:32

Health: -2/34      AC:  7    Str: 20    XL:     3   Next: 33%
Magic:  3/3        EV:  8    Int:  8    God:
Gold:   68         SH:  5    Dex: 15    Spells: 2/2 levels left

rFire   + . .        a - +1 war axe
rCold   . . .        c - +0 buckler
rNeg    . . .        b - +0 scale mail
rPois   .            (no helmet)
rElec   .            (no cloak)
rCorr   .            (no gloves)
SInv    .            (no boots)
Will    .....        (no amulet) Stlth
                     g - +6 ring of dexterity
HPRegen 0.25/turn    i - ring of protection from fire
MPRegen 0.08/turn

%: no passive effects
@: no status effects
A: runic magic, artefact enchanting
a: no special abilities


You were on level 2 of the Dungeon.
You visited 1 branch of the dungeon, and saw 2 of its levels.

You collected 68 gold pieces.

Inventory:

Hand Weapons
 a - a +1 war axe (weapon)
Missiles
 e - 5 poisoned darts (quivered)
Armour
 b - a +0 scale mail (worn)
 c - a +0 buckler (worn)
Jewellery
 g - a +6 ring of dexterity (left hand)
 i - a ring of protection from fire (right hand)
Scrolls
 f - 2 scrolls of poison
Potions
 d - a potion of might
 h - a potion of heal wounds {unknown}
 j - a potion of haste {unknown}
 k - a potion of curing {unknown}


   Skills:
 + Level 4.3 Fighting
 - Level 2.5 Axes
 + Level 3.7 Armour
 + Level 3.5 Shields


You had 2 spell levels left.
You didn't know any spells.
Your spell library was empty.

Dungeon Overview and Level Annotations

Branches:
Dungeon (2/15)

Altars:

Annotations:
D:2 Robin


Innate Abilities, Weirdness & Mutations

Your spellcasting is much less encumbered by armour.
You can use scrolls of enchantment on lesser artefacts.


Message History

You kill the hobgoblin!
Robin throws the goblin at you!
You barely miss the hobgoblin. You closely miss the goblin.
The hobgoblin no longer looks unusually strong.
The goblin closely misses you. The hobgoblin hits you.
You slash the hobgoblin!
You kill the hobgoblin!
You barely miss the goblin.
The goblin hits you but does no damage. x2
The hobgoblin hits you but does no damage.
Robin roars a battlecry!
The hobgoblin goes into a battle-frenzy!
You slash the hobgoblin!
You kill the hobgoblin!
You slash the goblin!
You kill the goblin!
You closely miss the frilled lizard. The frilled lizard barely misses you.
A goblin comes into view. It is wielding a +0 dagger.
You slash the frilled lizard!
You kill the frilled lizard!
Robin zaps a wand.
The puff of flame hits you. You resist.
* * * LOW HITPOINT WARNING * * *
You barely miss Robin.
The goblin no longer looks unusually strong.
Robin zaps a wand.
The puff of flame hits you but does no damage.
You resist.
You slash Robin!
Robin is heavily wounded.
Robin zaps a wand.
You block the puff of flame.
Robin zaps a wand.
The puff of flame hits you. You resist.
* * * LOW HITPOINT WARNING * * *
You hit Robin.
Robin is heavily wounded.
Robin hits you with a +0 club.
* * * LOW HITPOINT WARNING * * *
You hit Robin but do no damage.
Robin is heavily wounded.
Robin hits you with a +0 club.
You die...
Robin calls out, "Let's celebrate!
Time for a feast!"

.....# #.....####
.....####.....########
#######..............#
# #.....########.# #
#.....#....# #
#..........# #
#.....#....#.# #
#.....#...)#.# #
#.....#####@#.# #.....
#g#.# #..... #g#.#
....... #.#.# ...####
#.#.###.# #.....g.#
###.g.....


gg..... .ggg.## You could see Robin and a goblin.

Vanquished Creatures
  3 dart slugs (D:1)
  4 ball pythons
  2 bats
  4 endoplasms
  A giant cockroach (D:1)
  7 goblins (D:2)
  4 hobgoblins (D:2)
  2 jackals (D:1)
  A quokka (D:2)
  A frilled lizard (D:2)
  A rat (D:2)
30 creatures vanquished.

Notes
Turn   | Place    | Note
-------+----------+-------------------------------------------
     0 | D:1      | Alarak the Mountain Dwarf Fighter began the quest for the
                  | Orb.
     0 | D:1      | Reached XP level 1. HP: 19/19 MP: 1/1
   298 | D:1      | Reached skill level 4 in Fighting
   298 | D:1      | Reached XP level 2. HP: 27/27 MP: 2/2
  1116 | D:2      | Noticed Robin
  1129 | D:2      | Reached XP level 3. HP: 19/33 MP: 3/3
  1148 | D:2      | Slain by Robin

Illustrated notes

Levels and vault maps discovered:
D:1:      roadster_arrival_rocket_large, layout_basic
D:2:      layout_basic, minmay_stone_trees_medium, minmay_strange_pillars,
          minmay_ruptured, uniq_robin

Skill      XL: |  1 |
---------------+----+-----
Fighting       | 4 |  4.3
Axes           | |  2.5
Armour         | |  3.7
Shields        | |  3.5

Action                     || total
---------------------------++-------
  Melee: War axe           ||    67
    Use: Scroll            ||     4
 Armour: Scale mail        ||    59
  Dodge: Dodged            ||    28
  Block: Buckler           ||     8

Table legend: (Time is in decaauts)
 A = Elapsed time spent in this place.
 B = Non-inter-level travel time spent in this place.
 C = Inter-level travel time spent in this place.
 D = Time resting spent in this place.
 E = Time spent auto-exploring this place.
 F = Levels seen in this place.
 G = Mean time per level.
                   A        B        C        D        E       F      G
               +--------+--------+--------+--------+--------+-----+--------+
         Total |   1174 |   1154 |     20 |     98 |    888 |   2 |  587.0 |
       Dungeon |   1174 |   1154 |     20 |     98 |    888 |   2 |  587.0 |
               +--------+--------+--------+--------+--------+-----+--------+

Top non-repeatable levels by time:
     D:1: 874 daAuts
     D:2: 300 daAuts
